 Dungeon Crawl Stone Soup version 0.28.0-53-g5a82cb258f (webtiles) character file.

Game seed: 4920381623772138406

7 LynnLen the Sneak (level 1, -3/10 HPs)
             Began as a Vampire Enchanter on July 29, 2022.
             Slain by a gnoll
             ... wielding a +0 whip
              (4 damage)
             ... on level 1 of the Dungeon.
             The game lasted 00:01:01 (389 turns).

LynnLen the Sneak (Vampire Enchanter)                Turns: 389, Time: 00:01:02

Health: -3/10      AC:  2    Str:  7    XL:     1   Next: 83%
Magic:  3/3        EV:  9    Int: 17    God:
Gold:   13         SH:  0    Dex: 14    Spells: 4/4 levels left

rFire   . . .      SeeInvis +   a - +1 dagger
rCold   + + .      Faith    .   (no shield)
rNeg    + + +      Spirit   .   b - +0 robe
rPois   ∞          Reflect  .   (no helmet)
rElec   .          Harm     .   (no cloak)
rCorr   .          Rampage  .   (no gloves)
Will    .....                   (no boots)
Stlth   +++++.....              (no amulet)
HPRegen 0.00/turn               (no ring)
MPRegen 0.08/turn               (no ring)

@: bloodless, inhibited regen, constricted
A: bloodless, fangs 3, see invisible, vampiric 1
a: Revivify


You were on level 1 of the Dungeon.
You visited 1 branch of the dungeon, and saw 1 of its levels.

You collected 13 gold pieces.

Inventory:

Hand Weapons
 a - a +1 dagger (weapon)
Armour
 b - a +0 robe (worn)
Potions
 c - a potion of invisibility


   Skills:
 * Level 1.2 Short Blades
 * Level 2.3 Dodging
 * Level 4.8 Stealth
 + Level 2.0 Spellcasting
 + Level 4.5 Hexes


You had 4 spell levels left.
You didn't know any spells.
Your spell library contained the following spells:

 Spells                   Type           Power      Damage    Failure   Level
 Confusing Touch          Hex            17%        N/A       9%          3
 Tukima's Dance           Hex            17%        N/A       9%          3
 Ensorcelled Hibernation  Hex/Ice        18%        N/A       12%         2
 Dazzling Flash           Conj/Hex       18%        N/A       22%         3


Dungeon Overview and Level Annotations

Branches:
Dungeon (1/15)

Altars:

Shops:
D:1 *


Innate Abilities, Weirdness & Mutations

You do not regenerate when monsters are visible.
You are frail without blood (-20% HP).
You can heal yourself when you bite living creatures.
You are immune to poison.
You have razor-sharp teeth.
You have supernaturally acute eyesight. (SInv)
You are afflicted with vampirism.


Message History

You hit the goblin.
The goblin is heavily wounded.
The goblin hits you but does no damage.
You hit the goblin.
You kill the goblin!
Things that are here:
a +0 club; a goblin corpse You see here a frilled lizard corpse.
You now have 13 gold pieces.
You start resting.
HP restored.
You open the door.
There is an open door here.
The helpless hobgoblin fails to defend itself.
You bite the hobgoblin, and draw its blood!
You impale the hobgoblin!!
You kill the hobgoblin!
Things that are here:
a +0 club; a goblin skeleton You open the door.
Found Lilenec's General Store.
A ball python comes into view.
There is an open door here.
A gnoll comes into view. It is wielding a +0 whip.
The gnoll shouts!
The ball python hisses angrily.
A frilled lizard comes into view.
The frilled lizard hisses angrily.
Found 9 gold pieces.
The ball python misses you. The ball python grabs you.
The ball python constricts you.
You closely miss the gnoll. Your bite misses the gnoll.
The ball python bites you. The ball python constricts you.
The gnoll hits you with a +0 whip.
Ouch! That really hurt!
* * * LOW HITPOINT WARNING * * *
You barely miss the gnoll. The ball python bites you.
* * * LOW HITPOINT WARNING * * *
The ball python constricts you. The gnoll barely misses you.
You barely miss the gnoll. The ball python closely misses you.
The ball python constricts you. The gnoll hits you with a +0 whip.
You die...

#8.........8#.# #.
##.....÷.).##.# ##
##8.....8###.#####
##.....## #.....)
##8.8## ##.####
########'### #..#
#+##..........# #''#
.......#....### #..#
... #@#....# ###''###
. #gS.#...# #....§.#
#.l∩..#..# #.§§≈≈.#
..#...#..... #.≈≈≈≈.#
....#.#...#####.....§#
.......#$...# ###''###
... ### #.. # #<.# ...
... ####


You could see a gnoll, a ball python and a frilled lizard.

Vanquished Creatures
  A giant cockroach (D:1)
  2 goblins (D:1)
  A hobgoblin (D:1)
  2 frilled lizards (D:1)
6 creatures vanquished.

Notes
Turn   | Place    | Note
-------+----------+-------------------------------------------
     0 | D:1      | LynnLen the Vampire Enchanter began the quest for the Orb.
     0 | D:1      | Reached XP level 1. HP: 13/13 MP: 3/3
   381 | D:1      | Found Lilenec's General Store.
   389 | D:1      | Slain by a gnoll

Illustrated notes

Levels and vault maps discovered:
D:1:      lightli_arrival_lavapool, layout_basic, serial_shops,
          nicolae_diamond_shop, dk_noncrumbling_4

Action                   || total
-------------------------++-------
Melee: Dagger            ||    21
       Bite              ||     1
 Abil: Exsanguinate      ||     1
 Stab: Sleeping          ||     3
Armor: Robe              ||     3
Dodge: Dodged            ||    10
